Map: Catalyst LE

Players

PiG

  • Race: Terran Terran
  • League: Grandmaster
  • Spawn Location: 5:00

Bonkers - Winner!

  • Race: Protoss Protoss
  • League: Grandmaster
  • Spawn Location: 11:00

VOD

Have the link to the VOD?

Description

Time

  • Played on: July 22, 2018, 7:30 p.m.
  • Length: 18:40
Show
View Real Time Build Order
Export as new Build Order

PiG Terran 

Build Orders: Reaper Expand, MMM Bio 

Get SALT Encoding   

  12  0:00  SCV  
  13  0:13  SCV  
  14  0:17  Supply Depot  
  14  0:25  SCV  
  15  0:38  SCV  
  15  0:41  Barracks  
  16  0:45  Refinery  
  16  0:50  SCV  
  17  1:03  SCV  
  18  1:15  SCV  
  19  1:28  Orbital Command  
  19  1:29  Reaper  
  20  1:41  Command Center  
  20  1:51  Barracks  
  20  1:55  SCV  
  21  2:01  Barracks Reactor  
  21  2:05  Supply Depot  
  21  2:08  SCV  
  22  2:17  Barracks  
  22  2:21  SCV  
  24  2:37  SCV  
  24  2:38  Marine x2  
  24  2:41  Barracks Tech Lab  
  26  2:44  Engineering Bay  
  26  2:49  SCV  
  27  2:56  Orbital Command, Marine x2  
  29  3:05  Barracks Tech Lab  
  28  3:13  SCV  
  28  3:14  Marine x2  
  28  3:18  Stimpack  
  31  3:24  Marine x2  
  32  3:30  SCV x2  
  34  3:34  Marine x2  
  34  3:39  Terran Infantry Weapons Level 1  
  36  3:49  Marine x2  
  36  3:50  SCV x2  
  36  3:54  Supply Depot  
  40  3:56  Combat Shield  
  40  4:02  SCV  
  41  4:03  SCV  
  41  4:09  Refinery  
  42  4:12  Marine x3  
  42  4:13  Refinery  
  42  4:14  SCV  
  42  4:15  SCV, Marine  
  48  4:18  Supply Depot  
  48  4:25  Supply Depot  
  48  4:26  SCV  
  48  4:27  SCV  
  48  4:30  Marine x2  
  52  4:34  Factory  
  52  4:38  SCV  
  53  4:39  SCV  
  56  4:45  Marauder  
  56  4:46  Marauder  
  56  4:50  SCV  
  56  4:52  SCV  
  58  4:58  Marine x2  
  60  5:02  SCV  
  62  5:07  Marauder  
  62  5:13  SCV  
  62  5:16  Marauder, Marine  
  62  5:21  Supply Depot  
  65  5:25  Missile Turret  
  65  5:27  Marine  
  65  5:28  Marine  
  64  5:34  Marine  
  60  5:46  Marine  
  60  5:47  Marine  
  56  5:52  Command Center  
  56  5:53  Marauder, Marine  
  52  5:58  Refinery  
  50  6:06  Bunker, SCV  
  50  6:07  SCV  
  50  6:10  Concussive Shells  
  50  6:12  Starport  
  50  6:16  Factory Reactor  
  50  6:19  SCV  
  50  6:21  Marauder  
  50  6:22  Marine x2  
  50  6:24  SCV  
  56  6:31  SCV  
  57  6:35  Marauder  
  57  6:38  SCV  
  60  6:43  SCV  
  60  6:44  Barracks  
  60  6:45  Barracks, Marine x2  
  63  6:55  SCV  
  63  6:56  SCV  
  65  7:02  Terran Infantry Armor Level 1  
  65  7:04  Armory  
  65  7:08  SCV  
  66  7:12  Orbital Command  
  66  7:15  Medivac  
  66  7:16  Medivac  
  66  7:17  Marauder x2, Marine x2  
  66  7:22  SCV x2  
  78  7:27  Missile Turret  
  78  7:32  Barracks Tech Lab  
  78  7:33  Supply Depot, Barracks Reactor  
  78  7:34  Marine  
  79  7:38  Marauder  
  79  7:39  SCV x2  
  79  7:40  Marine  
  79  7:41  Orbital Command  
  84  7:47  Medivac  
  84  7:48  Medivac  
  84  7:49  Marauder  
  90  7:51  SCV x2  
  90  7:52  Marine  
  90  7:58  Marine  
  93  8:01  Supply Depot  
  93  8:03  SCV  
  93  8:04  Missile Turret, SCV  
  96  8:05  Marine  
  96  8:10  Marine  
  98  8:15  SCV  
  98  8:17  Marauder  
  101  8:21  Factory Tech Lab  
  101  8:22  SCV x2, Marine x3  
  101  8:23  Marauder  
  107  8:28  SCV  
  107  8:31  Marine  
  109  8:35  Supply Depot  
  109  8:39  Supply Depot, Liberator  
  109  8:43  Liberator  
  109  8:46  Refinery x2  
  109  8:52  Fusion Core  
  109  8:53  Starport  
  109  8:57  Marauder, SCV x3  
  120  9:09  SCV x2  
  122  9:15  Marauder, Marine  
  125  9:17  Marine  
  125  9:30  Marauder, Marine  
  124  9:32  Marauder  
  124  9:36  SCV x2  
  124  9:39  Factory Reactor, Advanced Ballistics  
  124  9:50  Marauder  
  124  9:52  Marine  
  125  10:03  Barracks  
  125  10:23  SCV  
  125  10:24  Supply Depot, Barracks  
  125  10:25  Terran Infantry Weapons Level 2  
  125  10:26  Widow Mine x2, SCV, Marine x3  
  125  10:27  Supply Depot, Marine x2  
  133  10:29  Liberator  
  133  10:32  Liberator x2  
  133  10:46  Marauder, Marine x2  
  133  10:49  Marauder x2  
  148  10:55  Marine  
  148  10:56  Barracks Tech Lab  
  149  11:12  Marauder, Marine, Liberator  
  149  11:14  Liberator x2  
  149  11:19  Marine  
  149  11:21  Marauder  
  149  11:23  Marauder, Widow Mine  
  149  11:25  Widow Mine  
  147  11:27  Marauder, Marine  
  132  11:34  Marauder, Marine  
  129  11:42  Marauder  
  129  11:45  Marauder  
  130  11:47  Marine  
  130  11:48  Marauder  
  130  11:49  SCV x2  
  130  11:51  Supply Depot  
  124  11:54  Liberator  
  124  11:55  Marauder  
  124  11:56  Marine  
  124  11:57  Liberator x2  
  124  11:59  Marine x2  
  124  12:04  Marauder  
  124  12:05  Marine  
  124  12:06  Marauder  
  120  12:14  Marine  
  118  12:16  Marauder  
  118  12:17  Marine x2  
  122  12:25  Marauder  
  122  12:27  Marauder  
  119  12:37  Marine, Liberator  
  119  12:38  Marauder  
  119  12:40  Liberator x2  
  109  12:46  Marauder  
  109  12:48  Marine  
  109  12:49  Marauder  
  112  13:00  Marauder, Marine  
  103  13:20  Liberator  
  103  13:23  Liberator x2  
  103  13:26  Orbital Command  
  103  13:44  Missile Turret  
  103  13:57  Marauder x2  
  101  14:23  Medivac  
  100  14:26  Marine  
  100  14:27  Marauder  
  100  14:28  Marauder, Marine, Medivac x2  
  110  14:41  Command Center  
  109  14:54  Marine  
  110  15:19  Marine  
  110  15:21  Marauder  
  110  15:22  Medivac  
  110  15:24  Marauder, Marine  
  98  15:29  Marauder, Marine x2  
  102  15:42  Marauder, Marine  
  105  15:43  Command Center  
  105  15:46  Marauder  
  107  15:50  Marine  
  107  15:51  Marauder  
  110  16:04  Marauder  
  107  16:09  Liberator x2  
  107  16:10  Liberator  
  106  16:22  Marauder  
  106  16:24  Marauder, Marine  
  106  16:25  Marauder  
  107  16:26  Marine  
  111  16:40  Marine  
  111  16:44  Marauder  
  111  16:46  Marauder x2  
  114  16:51  Marine x2  
  116  17:05  Marauder  
  116  17:07  Marauder  
  116  17:09  Medivac  
  116  17:13  Marine  
  102  17:27  Orbital Command  
  102  17:39  Medivac  
  104  17:47  Medivac x2  
Show
View Real Time Build Order
Export as new Build Order

Bonkers Protoss - Winner!

Build Orders: 1 Gate Expand, Oracle Opening, Blink Stalkers 

Get SALT Encoding   

  12  0:00  Probe  
  13  0:12  Probe  
  14  0:17  Pylon  
  14  0:24  Probe  
  15  0:32  Probe  
  15  0:40  Probe, Gateway  
  16  0:47  Assimilator  
  17  0:51  Probe  
  18  1:03  Probe  
  19  1:15  Probe  
  20  1:28  Cybernetics Core  
  20  1:36  Nexus  
  20  1:38  Probe  
  21  1:45  Pylon  
  21  1:49  Assimilator  
  21  1:52  Probe  
  22  1:56  Adept  
  22  2:05  Probe  
  22  2:06  Warp Gate  
  25  2:13  Stalker  
  25  2:17  Probe  
  26  2:29  Probe  
  29  2:40  Pylon  
  29  2:41  Probe  
  30  2:52  Probe  
  30  2:54  Stargate  
  31  3:02  Probe  
  31  3:05  Probe  
  33  3:14  Probe  
  33  3:17  Probe  
  35  3:26  Probe  
  34  3:27  Oracle, Stalker  
  34  3:29  Probe, Twilight Council  
  37  3:38  Probe  
  41  3:41  Blink  
  41  3:42  Gateway  
  41  3:45  Gateway  
  41  3:48  Probe  
  42  3:50  Probe  
  42  3:55  Pylon  
  43  4:00  Shield Battery, Probe  
  44  4:10  Stalker  
  44  4:13  Probe  
  44  4:14  Probe  
  48  4:24  Pylon  
  48  4:25  Probe  
  48  4:26  Gateway  
  48  4:28  Assimilator  
  48  4:30  Assimilator  
  48  4:31  Probe  
  50  4:37  Probe  
  51  4:43  Probe  
  52  4:46  Stalker  
  52  4:49  Probe  
  55  4:53  Nexus  
  55  4:55  Probe  
  56  5:01  Probe  
  57  5:07  Templar Archives  
  57  5:08  Stalker  
  59  5:16  Stalker  
  59  5:18  Stalker  
  63  5:27  Probe  
  64  5:36  Stalker  
  52  5:45  Stalker  
  45  5:50  Probe  
  45  5:53  Probe  
  41  5:58  Probe  
  41  5:59  Stalker  
  41  6:02  Psionic Storm  
  41  6:03  Probe  
  42  6:05  Probe  
  42  6:07  Charge  
  42  6:08  Probe  
  45  6:11  Probe  
  45  6:15  Probe  
  45  6:17  Gateway  
  45  6:18  Forge  
  47  6:20  Probe  
  47  6:21  Sentry x2  
  52  6:25  Probe  
  52  6:27  Probe  
  52  6:28  Probe  
  55  6:36  Probe, Protoss Ground Armor Level 1  
  55  6:37  Probe  
  57  6:45  High Templar  
  57  6:46  Probe  
  60  6:48  Probe  
  60  6:49  Assimilator  
  60  6:50  Assimilator  
  60  6:52  Probe  
  62  6:58  Probe  
  62  7:00  Probe  
  64  7:03  Pylon  
  64  7:04  Probe  
  65  7:08  Oracle  
  65  7:11  Probe  
  65  7:12  Probe  
  70  7:16  Probe  
  71  7:23  Probe  
  71  7:24  Probe  
  71  7:25  High Templar  
  71  7:28  Probe  
  71  7:29  Zealot x2  
  80  7:30  Zealot x2  
  80  7:35  Probe  
  80  7:36  Probe  
  86  7:41  Shield Battery  
  86  7:42  Oracle  
  86  7:46  Probe  
  86  7:47  Probe  
  91  7:58  Probe  
  91  8:03  Pylon  
  91  8:04  Pylon x2  
  92  8:06  Probe, Pylon  
  93  8:17  Forge  
  93  8:20  Gateway  
  93  8:21  Probe, Gateway  
  94  8:27  Pylon  
  94  8:30  High Templar x4  
  94  8:33  Zealot  
  104  8:34  Probe x2  
  104  8:35  Probe  
  107  8:46  Probe x2  
  109  8:56  Zealot  
  111  9:05  Probe  
  111  9:07  High Templar, Zealot  
  111  9:08  Zealot x2  
  118  9:17  Stalker  
  118  9:23  Stalker x2  
  122  9:24  Protoss Ground Weapons Level 1  
  120  9:34  Probe x2  
  122  9:44  Pylon  
  122  9:45  Pylon  
  122  9:49  Nexus  
  122  9:53  Pylon  
  122  9:58  Pylon  
  122  10:01  High Templar x2, Photon Cannon  
  122  10:03  Photon Cannon x2  
  122  10:05  Pylon, Photon Cannon x2  
  122  10:06  Zealot x3  
  122  10:07  Archon, Zealot  
  134  10:11  Pylon  
  134  10:25  Pylon  
  134  10:28  Pylon  
  131  10:29  Stalker x2  
  131  10:30  Stalker  
  131  10:31  Pylon  
  131  10:32  Assimilator  
  131  10:33  Stalker  
  131  10:34  Assimilator  
  139  10:36  Pylon  
  139  10:40  Probe  
  139  10:42  Probe x2  
  139  10:50  Stalker x2  
  139  10:55  Stalker x3  
  148  10:58  Probe  
  148  11:02  Probe  
  148  11:03  Probe x2  
  152  11:10  Probe  
  152  11:20  Probe  
  127  11:44  Zealot  
  127  11:45  Zealot x5  
  137  11:53  Probe  
  127  12:14  Zealot  
  127  12:15  Zealot x5  
  135  12:17  Probe  
  121  12:23  Oracle  
  121  12:29  Probe x2  
  111  12:47  Stalker  
  111  12:48  Stalker x5  
  121  13:02  Probe x3  
  118  13:17  Stalker x3  
  118  13:18  Stalker x3  
  124  13:25  Probe x2  
  124  13:29  Nexus  
  124  13:32  Probe  
  122  13:37  Probe  
  122  13:38  Probe  
  124  13:45  Stalker x3  
  124  13:46  High Templar  
  132  13:49  High Templar  
  132  13:50  High Templar  
  132  13:51  Nexus  
  132  13:54  Probe  
  132  13:55  Pylon  
  137  14:01  Pylon  
  137  14:03  Probe  
  137  14:05  Pylon  
  138  14:11  Pylon  
  126  14:19  Probe x2  
  126  14:20  High Templar x4  
  136  14:24  Probe  
  137  14:31  Probe x2  
  137  14:36  Probe, Stargate  
  140  14:40  Fleet Beacon  
  140  14:43  Probe x2  
  142  14:51  Probe x2  
  142  14:52  Stalker x2  
  148  14:57  Archon x2  
  148  15:05  Probe x2  
  148  15:06  Probe  
  151  15:14  Zealot x4  
  147  15:15  Zealot x2  
  148  15:22  Tempest  
  148  15:26  Probe x2  
  148  15:27  Probe  
  150  15:34  Tempest  
  155  15:35  Probe  
  144  16:00  Probe  
  144  16:01  Probe x2  
  144  16:02  Probe  
  147  16:13  Probe  
  148  16:20  Tempest x2  
  160  16:27  Zealot x2  
  160  16:28  Zealot x2  
  162  16:47  Zealot x2  
  162  16:52  Assimilator  
  162  16:53  Assimilator  
  162  16:54  Pylon  
  162  16:55  Pylon  
  162  17:02  Zealot x3  
  162  17:03  Tempest x2  
  175  17:14  Stalker x3  
  171  17:20  Probe x4  
  175  17:23  High Templar x3  
  175  17:27  Archon  
  181  17:45  Nexus  
  181  17:47  Stalker x3  
  158  18:07  Probe x2  
  158  18:08  Probe x2  
  162  18:16  High Templar x6  
  174  18:22  Probe x2  
  174  18:23  Archon x3  
Tags
 
Add a new tag
Caveats
  • Supply blocks, unpowered buildings, or Contaminate may cause inaccurate times.
  • Supply counts are checked every 10 seconds.